 Dungeon Crawl Stone Soup version 0.30-a0-591-g3c58d2bc28 (webtiles) character file.

Game seed: 17484975070638466576

4635 sokol815 the Cleaver (level 10, -2/72 HPs)
             Began as a Demonspawn Monk on Jan 6, 2023.
             Slain by an orc warrior
             ... wielding a +0 glaive
              (3 damage)
             ... in a bailey.
             The game lasted 00:17:52 (8234 turns).

sokol815 the Cleaver (Demonspawn Monk)              Turns: 8234, Time: 00:17:53

Health: -2/72      AC: 16    Str: 16    XL:     10   Next: 20%
Magic:  10/10      EV: 10    Int: 11    God:
Gold:   446        SH:  0    Dex: 16    Spells: 9/9 levels left

rFire   . . .      SeeInvis .    a - +4 hand axe (freeze)
rCold   . . .      Faith    .    e - +0 kite shield
rNeg    . . .      Spirit   .    D - +3 chain mail
rPois   +          Reflect  +    m - +2 hat
rElec   .          Harm     .    (no cloak)
rCorr   .          Rampage  .    B - +0 pair of gloves
Will    .....                    w - +0 pair of boots Stlth
                                 k - amulet of reflection
HPRegen 0.32/turn                P - ring of poison resistance {rPois, !d}
MPRegen 0.12/turn                l - ring of flight {+Fly, !d}

@: confused, agile, ambrosia-drunk, flying
A: horns 1, rugged brown scales 1, demonic guardian 1, powered by pain 1
a: no special abilities


You were in a bailey.
You visited 2 branches of the dungeon, and saw 9 of its levels.
You also visited: Sewer and Bailey.

You collected 446 gold pieces.

Inventory:

Hand Weapons
 a - a +4 hand axe of freezing (weapon)
   (You took it off a wight on level 7 of the Dungeon)
 b - a +1 hand axe of electrocution
 r - a +2 spear of venom
   (You took it off a gnoll on level 6 of the Dungeon)
 u - a +0 battleaxe
   (You took it off a wight on level 7 of the Dungeon)
Missiles
 f - 15 poisoned darts
 i - a throwing net {!d}
 s - 104 stones
 C - 6 javelins
Armour
 d - a +0 scale mail
   (You found it on level 1 of the Dungeon)
 e - a +0 kite shield (worn)
   (You found it on level 1 of the Dungeon)
 g - a +0 plate armour
   (You took it off an orc warrior on level 6 of the Dungeon)
 m - a +2 hat (worn)
   (You found it on level 2 of the Dungeon)
 v - a +0 robe
 w - a +0 pair of boots (worn)
   (You found it on level 8 of the Dungeon)
 x - a +0 leather armour of willpower
   (You took it off an orc on level 8 of the Dungeon)
 z - a +0 cloak
   (You took it off Maurice on level 8 of the Dungeon)
 A - a +1 robe of willpower
   (You took it off Psyche on level 8 of the Dungeon)
 B - a +0 pair of gloves (worn)
   (You found it on level 8 of the Dungeon)
 D - a +3 chain mail (worn)
   (You took it off a centaur in a bailey)
Jewellery
 c - a ring of ice {rC+, rF-}
   (You found it on level 3 of the Dungeon)
 k - an amulet of reflection (around neck)
   (You found it on level 2 of the Dungeon)
 l - a ring of flight (right hand) {+Fly, !d}
   (You found it on level 5 of the Dungeon)
 P - a ring of poison resistance (left hand) {rPois, !d}
   (You found it on level 2 of the Dungeon)
Wands
 y - a wand of mindburst (11)
   (You found it on level 6 of the Dungeon)
Scrolls
 j - a scroll of brand weapon
 n - 2 scrolls of poison
 q - a scroll of fog
 E - a scroll of fear
 O - 3 scrolls of silence
 Y - 2 scrolls of teleportation {@r3}
Potions
 h - 6 potions of attraction {!q}
 o - a potion of mutation {unknown}
 p - a potion of cancellation
 t - a potion of lignification {unknown}
 G - 2 potions of ambrosia {!q}
 J - 4 potions of curing {@q1}
 L - 3 potions of flight
 M - a potion of might
 R - 2 potions of resistance


   Skills:
 - Level 3.0 Fighting
 + Level 13.4 Axes
 - Level 2.6 Dodging
 - Level 1.7 Stealth
 - Level 3.5 Evocations


You had 9 spell levels left.
You didn't know any spells.
Your spell library contained the following spells:

 Spells                   Type           Power      Damage    Failure   Level
 Magic Dart               Conj           0%         1d3       100%        1
 Call Imp                 Summ           0%         N/A       100%        2
 Static Discharge         Conj/Air       0%         2-2/arc   100%        2
 Mephitic Cloud           Conj/Pois/Air  0%         N/A       100%        3
 Spider Form              Tmut/Pois      0%         N/A       100%        3
 Vhi's Electric Charge    Tloc/Air       0%         N/A       100%        3
 Arcjolt                  Conj/Air       0%         1d10      100%        5
 Lightning Bolt           Conj/Air       0%         1d11      100%        5
 Statue Form              Tmut/Erth      0%         N/A       100%        6
 Lehudib's Crystal Spear  Conj/Erth      0%         10d2      100%        8


Dungeon Overview and Level Annotations

Branches:
Dungeon (8/15) Zot: 26745  Temple (1/1) D:4 Zot: 5891    Lair (0/5) D:8
  Sewer (visited)          Bailey (1/1) Zot: 5693

Altars:
Ashenzari
Cheibriados
Dithmenos
Fedhas
Hepliaklqana
Kikubaaqudgha
Makhleb
Nemelex Xobeh
Okawaru
Qazlal
Ru
Sif Muna
Trog
Uskayaw
Vehumet
Wu Jian
Xom
Yredelemnul

Shops:
D:6 =

Annotations:
D:2 1 runed translucent door, Crazy Yiuf
D:4 exclusion: oklob plant


Innate Abilities, Weirdness & Mutations

You have a pair of small horns on your head.
You are partially covered in rugged brown scales. (AC +1, +3% HP)
A weak demonic guardian rushes to your aid.
You sometimes gain a little power by taking damage.


Message History

Things that are here:
a +0 halberd; a +0 ring mail; an orc skeleton
C - 6 javelins (gained 3)
You now have 407 gold pieces (gained 20).
Things that are here:
a +0 spear; a +0 chain mail; a centaur skeleton
Things that are here:
a +0 trident; a +0 scale mail You now have 420 gold pieces (gained 13).
You now have 431 gold pieces (gained 11).
You now have 446 gold pieces (gained 15).
You reach down and open the door.
A centaur and an orc warrior come into view.
The centaur shouts!
The orc warrior shouts!
The centaur throws a javelin.
The javelin pierces through you!
There is an open door, spattered with blood here.
You take 7 damage, and have 65/72 hp.
The centaur hits you from afar with a +0 halberd.
You take 1 damage, and have 64/72 hp.
You block the centaur's attack. x2; You block the orc warrior's attack.
You hit the centaur. You freeze the centaur. You block the centaur's attack.
The centaur kicks you.
The orc warrior hits you from afar with a +0 glaive!
You take 15 damage, and have 50/72 hp.
MASSIVE DAMAGE!!
You block the centaur's attack.
The centaur kicks you but does no damage.
The centaur hits you with a +0 halberd. You block the centaur's attack.
The orc warrior hits you with a +0 glaive!
You take 12 damage, and have 38/72 hp.
You hit the orc warrior but do no damage.
You hit the centaur but do no damage. The centaur hits you with a +0 halberd.
You block the centaur's attack. You block the orc warrior's attack.
You take 4 damage, and have 34/72 hp.
You closely miss the orc warrior. You headbutt the orc warrior.
You hit the centaur. You freeze the centaur. The centaur barely misses you.
You block the centaur's attack.
You completely miss the orc warrior. You hit the centaur but do no damage.
You block the centaur's attack.
The centaur kicks you but does no damage.
The orc warrior hits you with a +0 glaive.
You block the centaur's attack. The centaur barely misses you.
You take 5 damage, and have 29/72 hp.
You hit the orc warrior. You freeze the orc warrior. You hit the centaur.
You freeze the centaur. You block the orc warrior's attack.
The centaur hits you with a +0 halberd.
The centaur kicks you but does no damage.
You take 4 damage, and have 25/72 hp.
You barely miss the orc warrior. You hit the centaur but do no damage.
The centaur hits you with a +0 halberd.
The centaur kicks you but does no damage.
You block the orc warrior's attack.
You hit the centaur but do no damage. You slash the orc warrior!
You freeze the orc warrior.
The centaur hits you but does no damage.
The centaur kicks you but does no damage.
The orc warrior hits you with a +0 glaive.
* * * LOW HITPOINT WARNING * * *
The centaur hits you but does no damage.
You block the centaur's attack.
You take 6 damage, and have 19/72 hp.
You hit the centaur. You freeze the centaur. You hit the orc warrior.
You freeze the orc warrior. You block the centaur's attack. x2
The orc warrior hits you with a +0 glaive!
* * * LOW HITPOINT WARNING * * *
A demonic guardian appears!
You focus on the pain.
You feel agile all of a sudden.
You take 9 damage, and have 10/72 hp.
You hit the centaur but do no damage. You closely miss the orc warrior.
The centaur hits you with a +0 halberd.
* * * LOW HITPOINT WARNING * * *
The centaur misses you. You block the orc warrior's attack.
You take 4 damage, and have 6/72 hp.
You hit the centaur but do no damage.
You hit the orc warrior but do no damage.
The centaur hits you with a +0 halberd.
* * * LOW HITPOINT WARNING * * *
You block the centaur's attack. The centaur completely misses you.
The centaur barely misses you.
Your quasit barely misses the centaur.
Your quasit claws the centaur but does no damage. x2
You block the orc warrior's attack.
You take 2 damage, and have 4/72 hp.
Really quaff
G - 3 potions of ambrosia {!q}?
You are confused.
You feel invigorated. The centaur closely misses you. x2
Your quasit barely misses the centaur.
Your quasit claws the centaur but does no damage.
Your quasit barely misses the centaur.
The orc warrior hits you with a +0 glaive.
* * * LOW HITPOINT WARNING * * *
You take 2 damage, and have 2/72 hp.
The centaur barely misses you. The centaur kicks you.
* * * LOW HITPOINT WARNING * * *
Your quasit bites the centaur.
Your quasit barely misses the centaur.
Your quasit completely misses the centaur.
The centaur hits you with a +0 halberd.
* * * LOW HITPOINT WARNING * * *
The centaur kicks you but does no damage.
The orc warrior hits you with a +0 glaive.
You die...

##############
##≈≈≈≈≈≈≈≈≈≈≈≈≈
##......@.......
#$....5co.......
####'##########⌠
#≈..........
#≈...≈≈≈≈≈≈≈≈≈...
##≈..≈≈.......≈≈≈.
##≈≈....≈≈≈≈≈≈≈o.≈≈
##≈≈...≈≈≈.....≈≈≈.≈≈
#≈≈⌠..≈≈..≈≈≈≈≈..≈≈.≈.##


You could see an orc warrior, a centaur (ally target) and a friendly quasit
(summoned).

Vanquished Creatures
  Maurice (D:8)
  Psyche (D:8)
  Prince Ribbit (D:8)
  A wyvern (D:8)
  A steam dragon (D:7)
  Menkaure (D:4)
  2 water moccasins (D:7)
  2 black bears
  4 orc warriors
  2 ice beasts (D:6)
  2 ogres
  3 centaurs
  A bullfrog (D:7)
  3 necrophages
  A gnoll sergeant (D:8)
  Blork the orc (D:6)
  4 scorpions
  5 wights (D:7)
  A howler monkey (D:6)
  3 gnoll boudas
  2 orc priests (D:6)
  5 jellies
  2 hounds (D:5)
  4 iguanas
  Ijyb (D:4)
  5 orc wizards
  Robin (D:2)
  26 gnolls
  6 river rats
  15 adders
  A shadow imp (D:6)
  A white imp (D:5)
  2 ufetubi (D:4)
  2 worms
  2 dart slugs
  31 orcs
  9 ball pythons
  4 bats
  9 endoplasms
  2 giant cockroaches (D:4)
  16 goblins
  12 hobgoblins
  4 jackals (D:1)
  12 kobolds
  5 quokkas
  5 frilled lizards
  11 rats
235 creatures vanquished.

Vanquished Creatures (collateral kills)
  An orc (Bailey)
1 creature vanquished.

Vanquished Creatures (others)
  22 fungi (D:5)
22 creatures vanquished.

Grand Total: 258 creatures vanquished

Notes
Turn   | Place    | Note
-------+----------+-------------------------------------------
     0 | D:1      | sokol815 the Demonspawn Monk began the quest for the Orb.
     0 | D:1      | Reached XP level 1. HP: 18/18 MP: 1/1
    92 | D:1      | Reached skill level 3 in Axes
   191 | D:1      | Gained mutation: You are partially covered in rugged brown
                  | scales. (AC +1, +3% HP) [demonic ancestry]
   191 | D:1      | Reached XP level 2. HP: 17/24 MP: 2/2
   490 | D:1      | Reached XP level 3. HP: 28/29 MP: 3/3
   890 | D:2      | Reached skill level 4 in Axes
   940 | D:2      | Identified the +1 helmet of Proximity {+Inv rF+ rC- rN+
                  | Dex+4}
   940 | D:2      | Noticed Robin
   946 | D:2      | Killed Robin
  1024 | D:2      | Found a runed translucent door.
  1025 | D:2      | Noticed Crazy Yiuf
  1094 | D:2      | Reached XP level 4. HP: 36/36 MP: 4/4
  1111 | D:2      | Reached skill level 1 in Evocations
  1160 | D:2      | Found a faded altar of an unknown god.
  1229 | D:2      | Reached skill level 2 in Evocations
  1475 | D:2      | Gained mutation: You have a pair of small horns on your
                  | head. [demonic ancestry]
  1475 | D:2      | Reached XP level 5. HP: 38/42 MP: 5/5
  1762 | D:3      | Found an ornate altar of the Wu Jian Council.
  1895 | D:3      | Found a hazy altar of Hepliaklqana.
  2176 | D:4      | Noticed a black bear
  2186 | D:4      | Killed a black bear
  2187 | D:4      | Reached skill level 5 in Axes
  2187 | D:4      | Reached skill level 3 in Evocations
  2263 | D:4      | Gained mutation: You sometimes gain a little power by
                  | taking damage. [demonic ancestry]
  2263 | D:4      | Reached XP level 6. HP: 47/48 MP: 6/6
  2263 | D:4      | Noticed Ijyb
  2290 | D:4      | Killed Ijyb
  2490 | D:4      | Reached skill level 6 in Axes
  2593 | D:4      | Found a staircase to the Ecumenical Temple.
  2603 | Temple   | Entered the Ecumenical Temple
  2841 | D:4      | Noticed Menkaure
  2852 | D:4      | Killed Menkaure
  2853 | D:4      | Reached XP level 7. HP: 48/53 MP: 7/7
  2939 | D:4      | Found a blossoming altar of Fedhas.
  2963 | D:4      | Noticed an oklob plant
  3157 | D:5      | Entered Level 5 of the Dungeon
  3229 | D:5      | Reached skill level 7 in Axes
  3320 | D:5      | Found a glowing drain.
  3362 | Sewer    | Entered a sewer
  3849 | D:5      | Reached skill level 8 in Axes
  3977 | D:5      | Reached XP level 8. HP: 33/59 MP: 8/8
  4231 | D:5      | Found a shadowy altar of Dithmenos.
  4247 | D:5      | Found a bloodstained altar of Trog.
  4431 | D:5      | Found a snail-covered altar of Cheibriados.
  4438 | D:5      | Reached skill level 9 in Axes
  4822 | D:6      | Found Bejohum's Jewellery Shop.
  4854 | D:6      | Noticed Blork the orc
  4864 | D:6      | Killed Blork the orc
  5086 | D:6      | Got Wequ's Almanac of the Nocuous Mesa
  5330 | D:6      | Reached skill level 10 in Axes
  5950 | D:6      | Reached XP level 9. HP: 58/64 MP: 9/9
  6273 | D:7      | Reached skill level 11 in Axes
  6911 | D:7      | HP: 13/64 [something/magic dart (8)]
  6917 | D:7      | HP: 3/64 [orc warrior/+0 halberd (9)]
  7150 | D:6      | Reached skill level 12 in Axes
  7479 | D:7      | Found an iron altar of Okawaru.
  7701 | D:8      | Noticed Prince Ribbit
  7706 | D:8      | Noticed Maurice
  7711 | D:8      | Killed Prince Ribbit
  7717 | D:8      | Killed Maurice
  7718 | D:8      | Reached skill level 13 in Axes
  7718 | D:8      | Gained mutation: A weak demonic guardian rushes to your
                  | aid. [demonic ancestry]
  7718 | D:8      | Reached XP level 10. HP: 23/72 MP: 10/10
  7731 | D:8      | Noticed Psyche
  7745 | D:8      | HP: 14/72 [wyvern (13)]
  7751 | D:8      | Paralysed by Psyche for 4 turns
  7764 | D:8      | Killed Psyche
  7807 | D:8      | Found a flagged portal.
  7920 | Bailey   | Entered a bailey
  7966 | Bailey   | HP: 18/72 [centaur/javelin (9)]
  7981 | Bailey   | HP: 12/72 [orc/+0 halberd (8)]
  8230 | Bailey   | HP: 10/72 [orc warrior/+0 glaive (9)]
  8232 | Bailey   | HP: 4/72 [centaur/+0 halberd (2)]
  8234 | Bailey   | HP: 1/72 [centaur/+0 halberd (5)]
  8234 | Bailey   | Slain by an orc warrior

Illustrated notes

Levels and vault maps discovered:
D:1:      psy_arrival_whirlpool, layout_basic, minmay_hexomino_f4
D:2:      layout_basic, hellmonk_ecumenical_altar_inner_sanctum,
          nrook_loot_triangle, uniq_crazy_yiuf_cottage, uniq_robin
D:3:      layout_rooms, mainiacjoe_overflow_small_starburst,
          mainiacjoe_overflow_tiny_flanked
D:4:      layout_rooms, tgw_fedhas, temple_statues, uniq_menkaure, uniq_ijyb
D:5:      layout_rooms, grunt_temple_overflow_open, kennysheep_mini_moat,
          serial_aquarium, aquarium_bridge_long_joined
          [aquarium_subvault_balcony, aquarium_subvault_bridge,
          aquarium_subvault_bridge, aquarium_subvault_wall,
          aquarium_subvault_bridge, aquarium_subvault_window],
          aquarium_window_2, aquarium_window_double, aquarium_window_corridor_3,
          aquarium_window_fake, aquarium_view_2c, aquarium_view_2d,
          aquarium_pool_2, lightli_sewer_entry_pipes
D:6:      layout_layer_cave, serial_shops, kennysheep_mini, uniq_blork_the_orc
D:7:      layout_cave_pools, okawaru_altar_gauntlet_db, minivault_24
D:8:      layout_basic, lemuel_round_altar, david_lair_shrubbed, enter_bailey_8,
          uniq_psyche, uniq_maurice, uniq_prince_ribbit1
Temple:   jpeg_temple_clearing
Bailey:   bailey_polearm_flooded_kennysheep, bailey

Skill      XL: |  1  2  3  4  5  6  7  8  9 |
---------------+----------------------------+-----
Axes           | 3 4 5 6 8 10 13 | 13.4
Evocations     | 2 3 |  3.5
Fighting       | |  3.0
Dodging        | |  2.6
Stealth        | |  1.7

Action                   |  1- 3 |  4- 6 |  7- 9 | 10-12 || total
-------------------------+-------+-------+-------+-------++-------
Melee: Hand axe          |    81 |   186 |   403 |    66 ||   736
       Headbutt          |       |    20 |    62 |    12 ||    94
Throw: Stone             |     5 |     4 |       |       ||     9
Evoke: Wand              |       |       |     4 |       ||     4
  Use: Scroll            |     5 |     5 |    12 |       ||    22
       Potion            |       |       |     3 |     2 ||     5
 Stab: Sleeping          |     2 |       |       |       ||     2
Armor: Robe              |     8 |       |       |       ||     8
       Scale mail        |     7 |    83 |   118 |       ||   208
       Plate armour      |       |       |    26 |    39 ||    65
       Chain mail        |       |       |       |     8 ||     8
Dodge: Dodged            |    36 |    50 |    91 |    16 ||   193
Block: Kite shield       |    32 |   114 |   271 |    69 ||   486
       Reflection        |       |     1 |     5 |       ||     6

Table legend: (Time is in decaauts)
 A = Elapsed time spent in this place.
 B = Non-inter-level travel time spent in this place.
 C = Inter-level travel time spent in this place.
 D = Time resting spent in this place.
 E = Time spent auto-exploring this place.
 F = Levels seen in this place.
 G = Mean time per level.
                   A        B        C        D        E       F      G
               +--------+--------+--------+--------+--------+-----+--------+
         Total |   8390 |   8151 |    239 |   1305 |   4950 |  11 |  762.7 |
       Dungeon |   7536 |   7310 |    226 |   1127 |   4593 |   8 |  942.0 |
        Temple |    108 |     95 |     13 |      0 |     83 |   1 |  108.0 |
         Sewer |    439 |    439 |      0 |     20 |    234 |   1 |  439.0 |
        Bailey |    305 |    305 |      0 |    158 |     40 |   1 |  305.0 |
               +--------+--------+--------+--------+--------+-----+--------+

Top non-repeatable levels by time:
     D:6: 1687 daAuts
     D:5: 1252 daAuts
     D:7: 1125 daAuts
     D:4: 986 daAuts
     D:1: 903 daAuts
     D:2: 821 daAuts
     D:3: 504 daAuts
   Sewer: 439 daAuts
  Bailey: 305 daAuts
     D:8: 255 daAuts
  Temple: 108 daAuts

Table legend:
 A = Kills in this place as a percentage of kills in entire the game.
 B = Kills by you in this place as a percentage of kills by you in the entire game.
 C = Kills by friends in this place as a percentage of kills by friends in the entire game.
 D = Other kills in this place as a percentage of other kills in the entire game.
 E = Experience gained in this place as a percentage of experience gained in the entire game.
 F = Experience gained in this place divided by the number of levels of this place that you have seen.
                   A       B       C       D       E      F
               +-------+-------+-------+-------+-------+----------------------
         Total | 100.0 | 100.0 | 100.0 |   N/A | 100.0 | 602.0
       Dungeon |  86.9 |  87.2 |   0.0 |   N/A |  94.8 | 784.5
         Sewer |   7.2 |   7.2 |   0.0 |   N/A |   1.4 |  92.0
        Bailey |   5.9 |   5.5 | 100.0 |   N/A |   3.8 | 254.0
               +-------+-------+-------+-------+-------+----------------------
